IL
MEMPHIS REDBIRDS @ INDIANAPOLIS INDIANS
10/13/2048
 
TOP OF THE 1ST
Durham Bulls batting - Pitching for Columbus Clippers : RHP Paul Lewis
Pitching: RHP Paul Lewis
Batting: LHB Davion Lewis 0-0: Ball
1-0: Ball
2-0: Ball
3-0: Called Strike
3-1: Ground out 4-3 (Groundball, 4, EV 88.1 MPH)
Batting: LHB Mark Marvin 0-0: Foul Ball, location: 2F
0-1: Ball
1-1: Ball
2-1: SINGLE (Line Drive, 8LS, EV 98.1 MPH)
Batting: SHB Lou Kroneman 0-0: Ball
1-0: Foul Ball, location: 2F
1-1: Hit by Pitch
Mark Marvin to second
Batting: RHB Jeff Brower 0-0: Ball
1-0: Foul Ball, location: 2F
1-1: Foul Ball, location: 2F
1-2: Foul Ball, location: 2F
1-2: Foul Ball, location: 2F
1-2: Ball
Wild Pitch!
Mark Marvin to third
Lou Kroneman to second
2-2: Foul Ball, location: 2F
2-2: Fly out, F9 (Flyball, 9D, EV 86.2 MPH)
Runner from 3rd tags up, SCORES, no throw by RF
Batting: LHB Jake Rheaume 0-0: Called Strike
0-1: Foul Ball, location: 2F
0-2: Fly out, F9 (Flyball, 89D, EV 108.8 MPH)
Top of the 1st over - 1 run, 1 hit, 0 errors, 1 left on base; Durham 1 - Columbus 0
BOTTOM OF THE 1ST
Columbus Clippers batting - Pitching for Durham Bulls : RHP Jose Robles
Pitching: RHP Jose Robles
Batting: LHB John Harring 0-0: Swinging Strike
0-1: Foul Ball, location: 2F
0-2: Ground out 6-3 (Groundball, P, EV 85.0 MPH)
Batting: LHB Gabe White 0-0: Ball
1-0: Foul Ball, location: 2F
1-1: Called Strike
1-2: Hit by Pitch
Batting: LHB Brent Albertson 0-0: Swinging Strike
0-1: Ball
1-1: Foul Ball, location: 2F
1-2: Grounds into double play, 5-4-3 (Groundball, 56, EV 105.6 MPH)
Bottom of the 1st over - 0 runs, 0 hits, 0 errors, 0 left on base; Durham 1 - Columbus 0
TOP OF THE 2ND
Durham Bulls batting - Pitching for Columbus Clippers : RHP Paul Lewis
Batting: RHB David Ward 0-0: Ball
1-0: Called Strike
1-1: Swinging Strike
1-2: Ball
2-2: Ball
3-2: Base on Balls
Batting: RHB Kevin Benfield 0-0: Called Strike
0-1: Ball
1-1: Ball
2-1: Foul Ball, location: 2F
2-2: SINGLE (Groundball, 6MD, EV 109.4 MPH)
David Ward to second
Runner from 2nd tries for 3rd, SAFE, throw by CF made to third
Batting: SHB Jose Vargas 0-0: Ball
1-0: Fielders Choice at 2nd, 5-4 (Groundball, 5, EV 90.0 MPH)
David Ward scores
Batting: RHB Jonathan Fraire 0-0: SINGLE (Line Drive, 78S, EV 91.2 MPH)
Jose Vargas to second
Batting: LHB Davion Lewis 0-0: Called Strike
0-1: Foul Ball, location: 2F
0-2: Ball
1-2: Ball
2-2: Strikes out swinging
Batting: LHB Mark Marvin 0-0: Ball
1-0: Ball
2-0: SINGLE (Groundball, 4MD, EV 105.0 MPH)
Jose Vargas to third
Jonathan Fraire to second
Runner from 3rd tries for Home, SAFE, throw by CF to home
Batting: SHB Lou Kroneman 0-0: Swinging Strike
0-1: Ball
Wild Pitch!
Jonathan Fraire to third
Mark Marvin to second
1-1: Ball
2-1: Ball
3-1: Foul Ball, location: 2F
3-2: Foul Ball, location: 2F
3-2: Base on Balls
Batting: RHB Jeff Brower 0-0: Ground out 4-3 (Groundball, 4S, EV 75.6 MPH)
Top of the 2nd over - 2 runs, 3 hits, 0 errors, 3 left on base; Durham 3 - Columbus 0
BOTTOM OF THE 2ND
Columbus Clippers batting - Pitching for Durham Bulls : RHP Jose Robles
Batting: RHB Wen-hua Lei 0-0: Ball
1-0: Called Strike
1-1: Ball
2-1: Ground out 6-3 (Groundball, 6, EV 96.2 MPH)
Batting: LHB Tommy King 0-0: Ball
1-0: Ball
2-0: Called Strike
2-1: Ball
3-1: Fly out, F8 (Flyball, 8LXD, EV 96.2 MPH)
Batting: RHB Mike Quackenbush 0-0: Called Strike
0-1: Swinging Strike
0-2: Ball
1-2: Foul Ball, location: 2F
1-2: Strikes out looking
Bottom of the 2nd over - 0 runs, 0 hits, 0 errors, 0 left on base; Durham 3 - Columbus 0
TOP OF THE 3RD
Durham Bulls batting - Pitching for Columbus Clippers : RHP Paul Lewis
Batting: LHB Jake Rheaume 0-0: Ball
1-0: Called Strike
1-1: Ball
2-1: Foul Ball, location: 2F
2-2: Ball
3-2: Strikes out swinging
Batting: RHB David Ward 0-0: Ball
1-0: Foul Ball, location: 2F
1-1: Fly out, F8 (Flyball, 8RS, EV 85.0 MPH)
Batting: RHB Kevin Benfield 0-0: Foul Ball, location: 2F
0-1: Ball
1-1: DOUBLE (Line Drive, 5D, EV 108.8 MPH)
Batting: SHB Jose Vargas 0-0: Ground out 5-3 (Groundball, 56, EV 79.4 MPH)
Top of the 3rd over - 0 runs, 1 hit, 0 errors, 1 left on base; Durham 3 - Columbus 0
BOTTOM OF THE 3RD
Columbus Clippers batting - Pitching for Durham Bulls : RHP Jose Robles
Batting: LHB Tony Vitela 0-0: Ball
1-0: Ground out 4-3 (Groundball, 4M, EV 103.1 MPH)
Batting: SHB Dan Hill 0-0: Fly out, F6 (Popup, 4, EV 63.1 MPH)
Batting: RHB Jason Sher 0-0: Called Strike
0-1: Foul Ball, location: 2F
0-2: Strikes out swinging, 2-3 out at first.
Bottom of the 3rd over - 0 runs, 0 hits, 0 errors, 0 left on base; Durham 3 - Columbus 0
TOP OF THE 4TH
Durham Bulls batting - Pitching for Columbus Clippers : RHP Paul Lewis
Batting: RHB Jonathan Fraire 0-0: Ball
1-0: Ground out 4-3 (Groundball, 4, EV 87.5 MPH)
Batting: LHB Davion Lewis 0-0: Ball
1-0: Called Strike
1-1: SOLO HOME RUN (Flyball, 89XD, EV 108.8 MPH), Distance : 452 ft
Batting: LHB Mark Marvin 0-0: Ball
1-0: Ball
2-0: Ball
3-0: Called Strike
3-1: Called Strike
3-2: Fly out, F9 (Flyball, 9LSF, EV 90.0 MPH)
Batting: SHB Lou Kroneman 0-0: Called Strike
0-1: Ball
1-1: Swinging Strike
1-2: Foul Ball, location: 2F
1-2: Ball
2-2: Ball
3-2: Foul Ball, location: 2F
3-2: Base on Balls
Batting: RHB Jeff Brower 0-0: Ball
1-0: Foul Ball, location: 2F
1-1: Foul Ball, location: 2F
1-2: Ball
2-2: Fly out, F7 (Flyball, 7S, EV 78.8 MPH)
Top of the 4th over - 1 run, 1 hit, 0 errors, 1 left on base; Durham 4 - Columbus 0
BOTTOM OF THE 4TH
Columbus Clippers batting - Pitching for Durham Bulls : RHP Jose Robles
Batting: LHB John Harring 0-0: Ball
1-0: Called Strike
1-1: Swinging Strike
1-2: Foul Ball, location: 2F
1-2: Ball
2-2: Foul Ball, location: 2F
2-2: Fly out, F8 (Flyball, 8LM, EV 89.4 MPH)
Batting: LHB Gabe White 0-0: Foul Ball, location: 2F
0-1: Called Strike
0-2: Ball
1-2: Ball
2-2: Foul Ball, location: 2F
2-2: Ground out 5-3 (Groundball, 15, EV 86.2 MPH)
Batting: LHB Brent Albertson 0-0: Called Strike
0-1: Ball
1-1: Called Strike
1-2: Strikes out looking
Bottom of the 4th over - 0 runs, 0 hits, 0 errors, 0 left on base; Durham 4 - Columbus 0
TOP OF THE 5TH
Durham Bulls batting - Pitching for Columbus Clippers : RHP Paul Lewis
Batting: LHB Jake Rheaume 0-0: Foul Ball, location: 2F
0-1: Called Strike
0-2: Foul Ball, location: 2F
0-2: Ball
1-2: Ball
2-2: Ball
3-2: Fly out, F6 (Flyball, 4MD, EV 86.2 MPH)
Batting: RHB David Ward 0-0: Called Strike
0-1: Swinging Strike
0-2: Fly out, F8 (Flyball, 8LD, EV 105.6 MPH)
Batting: RHB Kevin Benfield 0-0: Swinging Strike
0-1: Called Strike
0-2: Ball
1-2: Ball
2-2: Ball
3-2: Foul Ball, location: 2F
3-2: DOUBLE (Line Drive, 8RXD, EV 103.1 MPH)
Batting: SHB Jose Vargas 0-0: Ground out 6-3 (Groundball, 6, EV 86.9 MPH)
Top of the 5th over - 0 runs, 1 hit, 0 errors, 1 left on base; Durham 4 - Columbus 0
BOTTOM OF THE 5TH
Columbus Clippers batting - Pitching for Durham Bulls : RHP Jose Robles
Batting: RHB Wen-hua Lei 0-0: Ball
1-0: Foul Ball, location: 2F
1-1: Foul Ball, location: 2F
1-2: Ball
2-2: Ground out 4-3 (Groundball, 34D, EV 81.2 MPH)
Batting: LHB Tommy King 0-0: SINGLE (Groundball, 4MD, EV 102.5 MPH)
Batting: RHB Mike Quackenbush 0-0: Grounds into double play, 5-4-3 (Groundball, 5, EV 80.6 MPH)
Bottom of the 5th over - 0 runs, 1 hit, 0 errors, 0 left on base; Durham 4 - Columbus 0
TOP OF THE 6TH
Durham Bulls batting - Pitching for Columbus Clippers : RHP Paul Lewis
Batting: RHB Jonathan Fraire 0-0: Called Strike
0-1: Ball
1-1: Foul Ball, location: 2F
1-2: Ball
2-2: Strikes out swinging
Batting: LHB Davion Lewis 0-0: Called Strike
0-1: Ball
1-1: Ball
2-1: Foul Ball, location: 2F
2-2: Strikes out looking
Batting: LHB Mark Marvin 0-0: Ball
1-0: Ball
2-0: Ball
3-0: Called Strike
3-1: Ground out 1-3 (Groundball, 15, EV 68.1 MPH)
Top of the 6th over - 0 runs, 0 hits, 0 errors, 0 left on base; Durham 4 - Columbus 0
BOTTOM OF THE 6TH
Columbus Clippers batting - Pitching for Durham Bulls : RHP Jose Robles
Batting: LHB Tony Vitela 0-0: Swinging Strike
0-1: Ball
1-1: Ball
2-1: Ball
3-1: Ground out 3-1 (Groundball, 34S, EV 93.1 MPH)
Batting: SHB Dan Hill 0-0: Ball
1-0: Ball
2-0: Ball
3-0: Called Strike
3-1: SINGLE (Line Drive, 89S, EV 111.2 MPH)
Batting: RHB Jason Sher 0-0: Foul Ball, location: 2F
0-1: Ball
1-1: Swinging Strike
1-2: Foul Ball, location: 2F
1-2: Foul Ball, location: 2F
1-2: Ball
2-2: Foul Ball, location: 2F
2-2: Ball
3-2: DOUBLE (Groundball, 5L, EV 101.2 MPH)
Dan Hill to third
Batting: LHB John Harring 0-0: Ball
1-0: Ball
2-0: Ball
3-0: Base on Balls
Batting: LHB Gabe White 0-0: Called Strike
0-1: Ball
1-1: Ball
2-1: Grounds into fielders choice 6-2 (Groundball, 6, EV 103.1 MPH)
Jason Sher to third
John Harring to second
Batting: LHB Brent Albertson 0-0: Called Strike
0-1: Ground out 4-3 (Groundball, 4, EV 100.6 MPH)
Bottom of the 6th over - 0 runs, 2 hits, 0 errors, 3 left on base; Durham 4 - Columbus 0
TOP OF THE 7TH
Durham Bulls batting - Pitching for Columbus Clippers : RHP Paul Lewis
Batting: SHB Lou Kroneman 0-0: Called Strike
0-1: Foul Ball, location: 2F
0-2: SINGLE (Line Drive, 7S, EV 112.5 MPH)
Batting: RHB Jeff Brower 0-0: Ball
1-0: Ball
2-0: Ball
3-0: Called Strike
3-1: Swinging Strike
3-2: Foul Ball, location: 2F
3-2: Strikes out swinging
Pitching: RHP Dan Dill
Batting: LHB Jake Rheaume 0-0: Called Strike
0-1: Ball
1-1: Ball
2-1: Fly out, F7 (Flyball, 7S, EV 93.8 MPH)
Batting: RHB David Ward 0-0: Foul Ball, location: 2F
0-1: Ground out 6-3 (Groundball, 6MD, EV 108.8 MPH)
Top of the 7th over - 0 runs, 1 hit, 0 errors, 1 left on base; Durham 4 - Columbus 0
BOTTOM OF THE 7TH
Columbus Clippers batting - Pitching for Durham Bulls : RHP Jose Robles
Batting: RHB Wen-hua Lei 0-0: Ball
1-0: Ball
2-0: Ball
3-0: Called Strike
3-1: Ground out 4-3 (Groundball, 4, EV 96.9 MPH)
Batting: LHB Tommy King 0-0: Ball
1-0: Swinging Strike
1-1: Ground out U3 (Groundball, 3S, EV 73.8 MPH)
Batting: RHB Mike Quackenbush 0-0: Called Strike
0-1: Ball
1-1: SINGLE (Groundball, 34D, EV 102.5 MPH)
Batting: LHB Tony Vitela 0-0: Ball
Mike Quackenbush steals 2nd base (no throw)
1-0: Ground out 6-3 (Groundball, 6, EV 83.8 MPH)
Bottom of the 7th over - 0 runs, 1 hit, 0 errors, 1 left on base; Durham 4 - Columbus 0
TOP OF THE 8TH
Durham Bulls batting - Pitching for Columbus Clippers : RHP Dan Dill
Batting: RHB Kevin Benfield 0-0: Called Strike
0-1: Swinging Strike
0-2: Foul Ball, location: 2F
0-2: SINGLE (Groundball, 6MD, EV 104.4 MPH)
Batting: SHB Jose Vargas 0-0: Swinging Strike
0-1: Grounds into double play, 4-6-3 (Groundball, 4MD, EV 108.1 MPH)
Batting: RHB Jonathan Fraire 0-0: Called Strike
0-1: Foul Ball, location: 2F
0-2: Strikes out swinging
Top of the 8th over - 0 runs, 1 hit, 0 errors, 0 left on base; Durham 4 - Columbus 0
BOTTOM OF THE 8TH
Columbus Clippers batting - Pitching for Durham Bulls : RHP Jose Robles
Batting: SHB Dan Hill 0-0: Ground out 4-3 (Groundball, 4, EV 80.6 MPH)
Batting: RHB Jason Sher 0-0: Called Strike
0-1: Swinging Strike
0-2: Foul Ball, location: 2F
0-2: Strikes out swinging
Batting: LHB John Harring 0-0: Called Strike
0-1: Called Strike
0-2: Ball
1-2: Foul Ball, location: 2F
1-2: Ball
2-2: Ball
3-2: Ground out 6-3 (Groundball, 56, EV 82.5 MPH)
Bottom of the 8th over - 0 runs, 0 hits, 0 errors, 0 left on base; Durham 4 - Columbus 0
TOP OF THE 9TH
Durham Bulls batting - Pitching for Columbus Clippers : RHP Dan Dill
Batting: LHB Davion Lewis 0-0: Ball
1-0: Called Strike
1-1: Swinging Strike
1-2: Ball
2-2: Foul Ball, location: 2F
2-2: Strikes out swinging
Batting: LHB Mark Marvin 0-0: Called Strike
0-1: Ground out 4-3 (Groundball, 4, EV 101.9 MPH)
Batting: SHB Lou Kroneman 0-0: Ball
1-0: Ball
2-0: SINGLE (Groundball, 56D, EV 97.5 MPH)
Batting: RHB Jeff Brower 0-0: Called Strike
0-1: Fly out, F8 (Flyball, 8RM, EV 76.2 MPH)
Top of the 9th over - 0 runs, 1 hit, 0 errors, 1 left on base; Durham 4 - Columbus 0
BOTTOM OF THE 9TH
Columbus Clippers batting - Pitching for Durham Bulls : RHP Jose Robles
Batting: LHB Gabe White 0-0: Ball
1-0: Foul Ball, location: 2F
1-1: Ball
2-1: Foul Ball, location: 2F
2-2: Strikes out looking
Pitching: RHP Al Speer
Batting: LHB Brent Albertson 0-0: Ball
1-0: Swinging Strike
1-1: Swinging Strike
1-2: Foul Ball, location: 2F
1-2: Ball
2-2: Foul Ball, location: 2F
2-2: Foul Ball, location: 2F
2-2: Strikes out swinging
Batting: RHB Wen-hua Lei 0-0: Foul Ball, location: 2F
0-1: Swinging Strike
0-2: Ball
1-2: Foul Ball, location: 2F
1-2: Ball
2-2: Foul Ball, location: 2F
2-2: Foul Ball, location: 2F
2-2: Ball
3-2: Foul Ball, location: 2F
3-2: Foul Ball, location: 2F
3-2: Fly out, F1 (Popup, P, EV 86.2 MPH)
Bottom of the 9th over - 0 runs, 0 hits, 0 errors, 0 left on base; Durham 4 - Columbus 0
Tuesday, March 28th , 2023 - OOTP Baseball 23.10 Build 110